[ AOE2 MATCH · #506760661 ]
UnrankedTeutons vs Persians
Player's team · WIN
Rival team · LOSS
[ REPLAY ANALYSIS · EXTRACTED FROM THE RECORDED GAME ]
Feudal
9:36
Castle
23:23
Imperial
41:14
| APM avg | 30.4 |
| APM peak | 67 |
| eAPM avg | 21.0 |
| Villagers / military | 166 / 131 |
Focus
⚔️ 31.9% · 🌾 68.1%
Spearman ×40 · Knight ×36 · Hand Cannoneer ×30 · Teutonic Knight ×18 · Trebuchet (Packed) ×5 · Monk ×2
Feudal
8:57
Castle
23:59
Imperial
46:04
| APM avg | 49.4 |
| APM peak | 100 |
| eAPM avg | 31.5 |
| Villagers / military | 136 / 109 |
Focus
⚔️ 21.4% · 🌾 78.6%
Knight ×47 · Spearman ×37 · Battering Ram ×8 · Camel Scout ×5 · Scout Cavalry ×5 · Trebuchet (Packed) ×4
Match map
Initial resources + every placement click. Lines = walls · curves = elevation contours. ◆ gold · ⬟ stone · ● berries · ✦ relic · ◌ wall gap
Your base· Open — unwalled flank
AiM | Mr. Nobody's base· Open — 3t gap
Smoothed initial terrain · ◌ = detected wall gap · hover for details
Inputs per minute
— Lord_calderon - - AiM | Mr. Nobody
Build order — Lord_calderon
First 150 of 460 actions detected
| 0:01 | Queue | Villager (Male) |
| 0:01 | Queue | Villager (Male) |
| 0:02 | Build | House |
| 0:06 | Build | House |
| 0:11 | Queue | Villager (Male) |
| 0:11 | Queue | Villager (Male) |
| 0:11 | Queue | Villager (Male) |
| 0:59 | Build | Mill |
| 1:23 | Queue | Villager (Male) |
| 1:23 | Queue | Villager (Male) |
| 2:04 | Queue | Villager (Male) |
| 2:32 | Queue | Villager (Male) |
| 2:32 | Queue | Villager (Male) |
| 3:03 | Queue | Villager (Male) |
| 3:37 | Queue | Villager (Male) |
| 3:37 | Queue | Villager (Male) |
| 3:41 | Build | House |
| 4:03 | Queue | Villager (Male) |
| 4:09 | Build | Lumber Camp |
| 4:21 | Queue | Villager (Male) |
| 4:21 | Queue | Villager (Male) |
| 4:22 | Queue | Villager (Male) |
| 4:22 | Queue | Villager (Male) |
| 4:55 | Queue | Villager (Male) |
| 4:55 | Queue | Villager (Male) |
| 5:21 | Queue | Villager (Male) |
| 5:24 | Research | Loom |
| 6:27 | Queue | Villager (Male) |
| 6:28 | Research | Loom |
| 7:18 | Build | Mining Camp |
| 7:26 | Research | Feudal Age |
| 8:10 | Build | Palisade Wall |
| 8:18 | Build | House |
| 8:21 | Build | Palisade Wall |
| 8:32 | Build | Palisade Wall |
| 8:34 | Build | Palisade Wall |
| 8:37 | Build | Palisade Wall |
| 8:37 | Build | Palisade Wall |
| 9:24 | Queue | Villager (Male) |
| 9:36 | Age | Feudal Age |
| 9:37 | Build | Blacksmith |
| 9:40 | Queue | Villager (Male) |
| 9:48 | Queue | Villager (Male) |
| 10:08 | Build | Watch Tower |
| 10:19 | Build | House |
| 10:29 | Research | Fletching |
| 10:33 | Queue | Villager (Male) |
| 10:44 | Build | Watch Tower |
| 10:55 | Build | Palisade Wall |
| 11:04 | Build | House |
| 11:11 | Build | Gate |
| 11:22 | Build | House |
| 11:25 | Build | Palisade Wall |
| 11:28 | Build | Palisade Wall |
| 11:47 | Queue | Villager (Male) |
| 12:04 | Build | Watch Tower |
| 12:20 | Queue | Villager (Male) |
| 12:22 | Build | Farm |
| 12:23 | Build | Farm |
| 12:23 | Build | Farm |
| 12:23 | Build | Farm |
| 12:43 | Build | Farm |
| 12:48 | Queue | Villager (Male) |
| 12:51 | Build | Farm |
| 13:07 | Build | Watch Tower |
| 13:11 | Build | Palisade Wall |
| 13:14 | Build | Palisade Wall |
| 13:17 | Queue | Villager (Male) |
| 13:23 | Build | Farm |
| 13:42 | Queue | Villager (Male) |
| 14:00 | Build | Watch Tower |
| 14:06 | Build | Farm |
| 14:07 | Build | Farm |
| 14:07 | Build | Farm |
| 14:25 | Build | Palisade Wall |
| 14:27 | Build | Palisade Wall |
| 15:00 | Queue | Villager (Male) |
| 15:01 | Build | Farm |
| 15:01 | Build | Farm |
| 15:02 | Build | Farm |
| 15:27 | Queue | Villager (Male) |
| 15:33 | Build | Mill |
| 15:49 | Queue | Villager (Male) |
| 16:04 | Build | Barracks |
| 16:07 | Queue | Villager (Male) |
| 16:47 | Build | Palisade Wall |
| 16:49 | Queue | Villager (Male) |
| 16:54 | Build | Mining Camp |
| 17:26 | Queue | Villager (Male) |
| 17:30 | Build | Farm |
| 17:31 | Build | Farm |
| 17:53 | Research | Double-Bit Axe |
| 18:14 | Queue | Villager (Male) |
| 18:14 | Queue | Villager (Male) |
| 18:59 | Queue | Villager (Male) |
| 19:05 | Build | Stable |
| 19:27 | Queue | Villager (Male) |
| 19:52 | Build | Watch Tower |
| 20:04 | Queue | Villager (Male) |
| 20:09 | Build | Stable |
| 20:13 | Build | House |
| 20:14 | Build | Palisade Wall |
| 20:36 | Queue | Villager (Male) |
| 20:43 | Research | Castle Age |
| 21:17 | Build | Stable |
| 21:33 | Research | Bloodlines |
| 21:39 | Research | Scale Barding Armor |
| 22:04 | Build | Mining Camp |
| 22:17 | Build | Mining Camp |
| 22:30 | Build | Farm |
| 22:31 | Build | Farm |
| 22:31 | Build | Farm |
| 23:14 | Queue | Villager (Male) |
| 23:15 | Build | Farm |
| 23:23 | Age | Castle Age |
| 23:30 | Queue | Knight |
| 23:31 | Queue | Knight |
| 23:41 | Research | Forging |
| 23:43 | Build | Farm |
| 23:44 | Queue | Villager (Male) |
| 23:57 | Queue | Knight |
| 23:57 | Queue | Knight |
| 23:58 | Queue | Knight |
| 24:00 | Build | Farm |
| 24:01 | Build | Farm |
| 24:01 | Build | Farm |
| 24:04 | Build | House |
| 24:17 | Build | Watch Tower |
| 24:23 | Queue | Villager (Male) |
| 25:07 | Queue | Knight ×2 |
| 25:08 | Queue | Villager (Male) |
| 25:10 | Build | Farm |
| 25:11 | Build | Farm |
| 25:11 | Build | Farm |
| 25:41 | Queue | Villager (Male) |
| 25:47 | Build | House |
| 25:50 | Build | Farm |
| 25:54 | Build | House |
| 26:04 | Queue | Knight ×2 |
| 26:29 | Queue | Villager (Male) |
| 26:34 | Build | Farm |
| 27:16 | Queue | Knight ×2 |
| 27:17 | Queue | Villager (Male) |
| 27:24 | Build | Town Center |
| 27:54 | Queue | Knight ×2 |
| 27:55 | Queue | Villager (Male) |
| 28:16 | Queue | Knight |
| 28:17 | Queue | Villager (Male) |
| 28:20 | Research | Gold Mining |
| 28:20 | Research | Gold Mining |
Build order — AiM | Mr. Nobody
First 150 of 421 actions detected
| 0:00 | Queue | Villager (Male) |
| 0:01 | Queue | Villager (Male) |
| 0:01 | Queue | Villager (Male) |
| 0:01 | Queue | Villager (Male) |
| 0:02 | Queue | Villager (Male) |
| 0:02 | Build | House |
| 0:04 | Build | House |
| 1:23 | Queue | Villager (Male) |
| 1:41 | Build | Lumber Camp |
| 2:01 | Queue | Villager (Male) |
| 2:19 | Queue | Villager (Male) |
| 2:49 | Queue | Villager (Male) |
| 3:03 | Queue | Villager (Male) |
| 3:18 | Build | House |
| 3:31 | Queue | Villager (Male) |
| 4:01 | Build | Mill |
| 4:06 | Queue | Villager (Male) |
| 4:06 | Queue | Villager (Male) |
| 5:03 | Queue | Villager (Male) |
| 5:21 | Queue | Villager (Male) |
| 5:22 | Research | Loom |
| 6:25 | Queue | Villager (Male) |
| 6:53 | Research | Feudal Age |
| 7:06 | Build | Barracks |
| 8:10 | Build | House |
| 8:20 | Build | Palisade Wall |
| 8:22 | Build | Palisade Wall |
| 8:26 | Queue | Villager (Male) |
| 8:57 | Age | Feudal Age |
| 8:59 | Build | Stable |
| 9:02 | Research | Double-Bit Axe |
| 9:08 | Build | House |
| 9:13 | Queue | Villager (Male) |
| 9:21 | Build | Mill |
| 9:39 | Queue | Scout Cavalry |
| 9:39 | Queue | Scout Cavalry |
| 9:39 | Queue | Scout Cavalry |
| 9:42 | Build | House |
| 9:51 | Queue | Villager (Male) |
| 10:03 | Build | Farm |
| 10:11 | Build | Palisade Wall |
| 10:17 | Build | Farm |
| 10:18 | Queue | Villager (Male) |
| 10:31 | Build | Farm |
| 10:33 | Queue | Villager (Male) |
| 10:40 | Queue | Villager (Male) |
| 10:50 | Build | Farm |
| 10:54 | Build | Farm |
| 12:06 | Build | Lumber Camp |
| 12:07 | Queue | Villager (Male) |
| 12:08 | Queue | Villager (Male) |
| 12:19 | Queue | Villager (Male) |
| 12:19 | Queue | Villager (Male) |
| 12:33 | Build | Farm |
| 12:41 | Build | Watch Tower |
| 12:50 | Build | Watch Tower |
| 12:59 | Queue | Villager (Male) |
| 13:04 | Build | Farm |
| 13:06 | Queue | Scout Cavalry |
| 13:59 | Build | Farm |
| 14:00 | Build | Farm |
| 14:11 | Queue | Villager (Male) |
| 14:11 | Queue | Villager (Male) |
| 14:14 | Build | Farm |
| 14:16 | Build | Farm |
| 14:48 | Queue | Villager (Male) |
| 14:48 | Queue | Villager (Male) |
| 14:48 | Queue | Villager (Male) |
| 14:50 | Build | Farm |
| 15:05 | Build | Farm |
| 15:06 | Build | Farm |
| 15:06 | Build | Farm |
| 15:08 | Build | Farm |
| 15:13 | Build | Farm |
| 15:47 | Build | Blacksmith |
| 15:48 | Queue | Villager (Male) |
| 16:17 | Build | House |
| 16:24 | Research | Fletching |
| 16:41 | Build | Mining Camp |
| 16:42 | Queue | Villager (Male) |
| 16:42 | Queue | Villager (Male) |
| 16:43 | Queue | Villager (Male) |
| 16:43 | Queue | Villager (Male) |
| 17:06 | Queue | Villager (Male) |
| 17:07 | Queue | Villager (Male) |
| 17:41 | Queue | Villager (Male) |
| 17:48 | Build | Market |
| 17:52 | Build | Farm |
| 17:53 | Queue | Villager (Male) |
| 17:53 | Queue | Villager (Male) |
| 18:49 | Build | Farm |
| 19:01 | Build | House |
| 19:02 | Build | House |
| 19:44 | Build | Farm |
| 19:47 | Build | Farm |
| 19:52 | Build | House |
| 19:56 | Build | House |
| 20:07 | Queue | Villager (Male) |
| 20:14 | Build | Mining Camp |
| 20:40 | Build | Farm |
| 20:42 | Queue | Villager (Male) |
| 20:42 | Queue | Villager (Male) |
| 21:22 | Build | Watch Tower |
| 21:33 | Research | Castle Age |
| 22:07 | Build | House |
| 22:08 | Build | House |
| 22:09 | Build | House |
| 22:13 | Build | Farm |
| 22:16 | Build | Farm |
| 22:27 | Build | House |
| 22:30 | Build | House |
| 23:10 | Queue | Villager (Male) |
| 23:10 | Queue | Villager (Male) |
| 23:15 | Research | Stone Mining |
| 23:59 | Age | Castle Age |
| 24:00 | Queue | Knight |
| 24:18 | Build | Castle |
| 24:24 | Queue | Knight |
| 24:26 | Queue | Villager (Male) |
| 24:27 | Queue | Villager (Male) |
| 24:27 | Queue | Villager (Male) |
| 24:47 | Queue | Villager (Male) |
| 24:47 | Queue | Villager (Male) |
| 24:47 | Queue | Villager (Male) |
| 25:29 | Build | House |
| 25:30 | Build | Palisade Wall |
| 25:37 | Build | Monastery |
| 25:55 | Build | House |
| 26:04 | Queue | Monk |
| 26:04 | Queue | Monk |
| 26:16 | Build | House |
| 26:33 | Build | Farm |
| 26:45 | Build | Palisade Wall |
| 27:11 | Queue | Knight |
| 27:14 | Build | Stable |
| 27:22 | Queue | Villager (Male) |
| 28:52 | Build | Town Center |
| 29:02 | Queue | Knight |
| 29:02 | Queue | Knight |
| 29:49 | Research | Pikeman (upgrade) |
| 29:50 | Queue | Spearman |
| 29:50 | Queue | Spearman |
| 29:50 | Queue | Spearman |
| 29:55 | Build | Farm |
| 29:55 | Build | Farm |
| 29:56 | Build | Farm |
| 29:56 | Build | Farm |
| 29:56 | Build | Farm |
| 29:56 | Build | Farm |
| 30:17 | Research | Town Watch |
Match timeline
| 7:06 | AiM | Mr. Nobody · first_building Barracks |
| 8:10 | Lord_calderon · wall_segment Palisade Wall x1 |
| 8:20 | AiM | Mr. Nobody · wall_segment Palisade Wall x4 |
| 8:21 | Lord_calderon · wall_segment Palisade Wall x7 |
| 8:22 | AiM | Mr. Nobody · wall_segment Palisade Wall x5 |
| 8:32 | Lord_calderon · wall_segment Palisade Wall x1 |
| 8:34 | Lord_calderon · wall_segment Palisade Wall x2 |
| 8:37 | Lord_calderon · wall_segment Palisade Wall x4 |
| 8:37 | Lord_calderon · wall_segment Palisade Wall x1 |
| 8:57 | AiM | Mr. Nobody · age_up feudal |
| 8:59 | AiM | Mr. Nobody · first_building Stable |
| 9:36 | Lord_calderon · age_up feudal |
| 10:11 | AiM | Mr. Nobody · wall_segment Palisade Wall x5 |
| 10:55 | Lord_calderon · wall_segment Palisade Wall x1 |
| 11:25 | Lord_calderon · wall_segment Palisade Wall x1 |
| 11:28 | Lord_calderon · wall_segment Palisade Wall x1 |
| 13:11 | Lord_calderon · wall_segment Palisade Wall x1 |
| 13:14 | Lord_calderon · wall_segment Palisade Wall x1 |
| 14:25 | Lord_calderon · wall_segment Palisade Wall x1 |
| 14:27 | Lord_calderon · wall_segment Palisade Wall x1 |
| 16:04 | Lord_calderon · first_building Barracks |
| 16:47 | Lord_calderon · wall_segment Palisade Wall x2 |
| 19:05 | Lord_calderon · first_building Stable |
| 20:14 | Lord_calderon · wall_segment Palisade Wall x1 |
| 20:58 | AiM | Mr. Nobody · first_market_sell 100 wood |
| 23:23 | Lord_calderon · age_up castle |
| 23:59 | AiM | Mr. Nobody · age_up castle |
| 24:06 | AiM | Mr. Nobody · first_market_buy 100 stone |
| 24:18 | AiM | Mr. Nobody · first_building Castle |
| 25:30 | AiM | Mr. Nobody · wall_segment Palisade Wall x1 |
| 25:37 | AiM | Mr. Nobody · first_building Monastery |
| 26:45 | AiM | Mr. Nobody · wall_segment Palisade Wall x1 |
| 30:31 | AiM | Mr. Nobody · wall_segment Palisade Wall x1 |
| 33:23 | AiM | Mr. Nobody · wall_segment Palisade Wall x1 |
| 36:53 | Lord_calderon · first_building Monastery |
| 38:07 | AiM | Mr. Nobody · wall_segment Palisade Wall x1 |
| 40:00 | Lord_calderon · first_building Archery Range |
| 40:26 | Lord_calderon · first_market_buy 100 stone |
| 40:48 | Lord_calderon · first_building Castle |
| 41:14 | Lord_calderon · age_up imperial |
| 42:45 | AiM | Mr. Nobody · first_building Siege Workshop |
| 46:04 | AiM | Mr. Nobody · age_up imperial |
| 47:46 | Lord_calderon · first_market_sell 100 food |
| 54:01 | AiM | Mr. Nobody · resign |
[ AI ANALYSIS · 1 CREDIT ]
What really happened in this match?
Wolo.gg analyzes every decision: build order, eco, micro, common mistakes by bracket. Personalized analysis on WhatsApp or Discord in 30 seconds.
Civ guide
Teutons
Perfil
Jugador #2723392